 Seeded DCSS version 0.31-a0-237-g2d982f9f85 (webtiles) character file.

Game seed: 17534068631569876614 (custom seed)

68107 innerfire43 the Peltast (level 14, 0/113 HPs)
             Began as a Demonspawn Monk on July 11, 2023.
             Was an Elder of Nemelex Xobeh.
             Slain by a balrug
             ... wielding a +1 demon whip of electrocution
              (7 damage)
             ... on level 15 of the Dungeon.
             The game lasted 00:32:31 (18500 turns).

innerfire43 the Peltast (Demonspawn Monk)          Turns: 18500, Time: 00:32:31

Health: 0/113      AC: 44    Str: 21    XL:     14   Next: 85%
Magic:  0/14       EV:  7    Int:  9    God:    Nemelex Xobeh [****..]
Gold:   801        SH: 32    Dex: 26    Spells: 13/13 levels left

rFire   + . .        t - +8 whip of Havoc {heavy, Dex+3 SInv}
rCold   . . .        S - +5 tower shield of Wuiroasm {Int-4 Dex+4}
rNeg    . . .        k - +10 crystal plate armour of Claustrophobia {rElec rF+}
rPois   +            h - +2 helmet
rElec   +            U - +1 cloak {rCorr}
rCorr   +            R - +0 pair of fencer's gloves {Riposte Dex+3}
SInv    +            T - +0 pair of boots of the Bouncing Tales {rPois Will+ Regen+ rCorr}
Will    ++...        v - amulet of reflection Stlth
                     y - +6 ring of strength
HPRegen 1.18/turn    C - +4 ring of protection
MPRegen 0.28/turn

%: reflection, guardian spirit
@: no status effects
A: repulsion field 2, magic shield, magic regeneration, magic link, demonic
magic 2
a: Renounce Religion, Draw Escape, Draw Destruction, Draw Summoning, Triple
Draw, Deal Four


You were on level 15 of the Dungeon.
You worshipped Nemelex Xobeh.
Nemelex Xobeh was greatly pleased with you.
You visited 3 branches of the dungeon, and saw 19 of its levels.
You visited 1 bazaar.
You also visited: Trove.

You collected 1191 gold pieces.
You spent 390 gold pieces at shops.

Inventory:

Hand Weapons
 a - a +1 mace
 i - a +3 antimagic shortbow
 t - the +8 whip of Havoc (weapon) {heavy, Dex+3 SInv}
   (You found it on level 3 of the Dungeon)

   Dex:       It affects your dexterity (+3).
   SInv:      It lets you see invisible.
Armour
 f - a +2 helmet
 h - a +2 helmet (worn)
 k - the +10 crystal plate armour of Claustrophobia (worn) {rElec rF+}
   (You found it in a treasure trove)

   rF:        It protects you from fire.
   rElec:     It insulates you from electricity.
 H - the +0 pair of gloves "Sonel" {Drain Dex+4 Stlth+}
   (You found it in a treasure trove)

   Dex:       It affects your dexterity (+4).
   Drain:     It drains your maximum health when unequipped.
   Stlth:     It makes you more stealthy.
 R - the +0 pair of fencer's gloves (worn) {Riposte Dex+3}
   (You found it in a treasure trove)

   Riposte:   It allows the wearer to riposte with melee weapons, swiftly
   retaliating against missed or blocked melee attacks.
   Dex:       It affects your dexterity (+3).
 S - the +5 tower shield of Wuiroasm (worn) {Int-4 Dex+4}
   (You found it in a treasure trove)

   Int:       It affects your intelligence (-4).
   Dex:       It affects your dexterity (+4).
 T - the +0 pair of boots of the Bouncing Tales (worn) {rPois Will+ Regen+ rCorr}
   (You found it in a treasure trove)

   rPois:     It protects you from poison.
   Regen:     It increases your rate of health regeneration.
   rCorr:     It protects you from acid and corrosion.
   Will:      It increases your willpower.
 U - a +1 cloak of preservation (worn)
Jewellery
 c - a ring of willpower
 d - a ring of poison resistance
 v - an amulet of reflection (around neck)
 y - a +6 ring of strength (left hand)
 C - a +4 ring of protection (right hand)
 F - a ring of wizardry
 N - a ring of willpower
 Q - a +6 ring of intelligence
Wands
 l - a wand of mindburst (8)
 x - a wand of iceblast (25)
 G - a wand of flame (2)
Scrolls
 e - 9 scrolls of amnesia
 j - a scroll of poison
 p - 7 scrolls of identify
 s - a scroll of enchant weapon
 u - 7 scrolls of blinking
 w - 2 scrolls of fog
 A - 3 scrolls of revelation
 I - a scroll of enchant armour {unknown}
 J - a scroll of butterflies
 V - 4 scrolls of teleportation
 Y - a scroll of acquirement {unknown}
 Z - a scroll of vulnerability {unknown}
Potions
 b - 2 potions of might
 g - 6 potions of haste
 m - 5 potions of curing
 n - 2 potions of invisibility {unknown}
 o - a potion of lignification {unknown}
 q - 3 potions of attraction
 r - a potion of berserk rage
 z - 2 potions of brilliance
 B - 3 potions of cancellation {unknown}
 D - 2 potions of enlightenment
 E - 3 potions of magic
 K - 2 potions of mutation {unknown}
 W - a potion of resistance {unknown}


   Skills:
 + Level 11.2 Fighting
 - Level 12.1 Maces & Flails
 * Level 12.1 Armour
 - Level 3.0 Dodging
 * Level 15.0 Shields


You had 13 spell levels left.
You didn't know any spells.
Your spell library contained the following spells:

 Spells                   Type           Power      Damage    Failure   Level
 Cigotuvi's Dreadful Rot  Necr/Pois/Air  0%         N/A       100%        2
 Call Canine Familiar     Summ           0%         N/A       100%        3
 Dazzling Flash           Conj/Hex       0%         N/A       100%        3
 Ignite Poison            Fire/Tmut/Pois 0%         N/A       100%        3
 Portal Projectile        Hex/Tloc       0%         N/A       100%        3
 Leda's Liquefaction      Hex/Erth       0%         N/A       100%        4
 Agony                    Necr           0%         N/A       100%        5
 Freezing Cloud           Conj/Ice/Air   0%         6-21      100%        5
 Silence                  Hex/Air        0%         N/A       100%        5


Dungeon Overview and Level Annotations

Branches:
Dungeon (15/15)            Temple (0/1) D:7            Lair (3/5) D:9
 Spider (0/4) Lair:2          Orc (0/2) D:10         Vaults (0/5) D:14
 Depths (1/4) D:15
  Swamp: Lair:2-3    Shoals: Lair:2-3

Altars:
Ashenzari
Cheibriados
Dithmenos
Kikubaaqudgha
Makhleb
Nemelex Xobeh
Okawaru
Qazlal
Ru
Sif Muna
Uskayaw
Vehumet
Wu Jian
Xom
Yredelemnul

Annotations:
D:4 1 runed translucent door


Innate Abilities, Weirdness & Mutations

You are surrounded by a moderate repulsion field. (EV +3)
When hurt, damage is shared between your health and your magic reserves.
You regenerate magic rapidly.
When low on magic, you restore magic in place of health.
Spells you cast may paralyse nearby enemies.


Message History

The balrug is severely wounded.
The balrug gestures at you. Something smites you!
You block the sun demon's attack.
You riposte.
You whack the sun demon!
The sun demon is moderately wounded.
You hit the balrug but do no damage.
The balrug is severely wounded.
You block the balrug's attack. You block the sun demon's attack.
You riposte.
You whack the sun demon!
The sun demon is heavily wounded.
Unknown command.
You closely miss the balrug.
The balrug is severely wounded.
The balrug gestures at you. The bolt of fire hits you!! You resist.
The bolt of fire hits you but does no damage.
The bolt of fire hits the balrug.
The balrug completely resists.
The sun demon hits you!
* * * LOW HITPOINT WARNING * * *
You are engulfed in flames!
You resist.
* * * LOW HITPOINT WARNING * * *
You hit the balrug but do no damage.
The balrug is severely wounded.
You block the balrug's attack. You block the sun demon's attack.
You riposte.
You thrash the sun demon!!
The sun demon is severely wounded.
You feel better.
The balrug hits you with a +1 demon whip of electrocution!
* * * LOW HITPOINT WARNING * * *
You are engulfed in flames!
You resist.
* * * LOW HITPOINT WARNING * * *
You block the sun demon's attack.
You riposte.
You hit the sun demon but do no damage.
The sun demon is severely wounded.
You feel better.
The balrug hits you with a +1 demon whip of electrocution!
* * * LOW HITPOINT WARNING * * *
You are engulfed in flames!
You resist.
You die...
Your body disappears without a glow.

..<..................))..#
.....................))..#
.........................#
.............#######.....#
............##.)...##....#
...........##.......##...#
...........#..##[##..#...#
...........#..#.[.#..#...#
...........#..#3@.#..#...#
#####......#..#.[2#).#...#
#...####..#####..#####
#...# ##..[....## #...#
##.[[..## #...# ###'###
#####...########.#########
.........................#
.(....?..................#


You could see a balrug and a sun demon.

Vanquished Creatures
  A sphinx (D:15)
  A frost giant (Depths:1)
  3 stone giants (Depths:1)
  2 spark wasps
  An ettin (Depths:1)
  A merfolk javelineer (Depths:1)
  A fire dragon (Depths:1)
  A rakshasa (Depths:1)
  A hydra (D:14)
  3 catoblepae
  An ogre mage (D:15)
  6 centaur warriors
  11 two-headed ogres
  A boulder beetle (D:12)
  2 tengu warriors
  A deep troll earth mage (D:15)
  A spriggan berserker (D:15)
  2 iron trolls
  The ghost of zazu2006 the Insei, a novice GnWn of Vehumet (D:7)
  3 skeletal warriors (D:15)
  A flayed ghost (Depths:1)
  2 glowing orange brains
  2 deep trolls (D:15)
  A wizard (Depths:1)
  An orc knight (D:14)
  A necromancer (D:15)
  3 orc sorcerers (D:15)
  4 cyclopes
  2 centaur zombies (D:15)
  7 ugly things
  A black mamba (Lair:3)
  Maurice (D:12)
  3 manticores
  Joseph (D:7)
  A centaur skeleton (D:15)
  4 cane toads
  An unseen horror (D:11)
  2 gargoyles
  6 komodo dragons
  2 kobold demonologists
  The ghost of Brisketman the Gouger, a novice FeTm of Dithmenos (D:7)
  The ghost of greasedhog the Firebug, a novice GrFE (D:5)
  2 tengu conjurers
  5 trolls
  3 meliai (D:15)
  A meliai (shapeshifter) (D:15)
  2 hornets
  A polar bear (Lair:2)
  4 blink frogs (Lair:2)
  12 slime creatures (D:13)
  3 shadows
  4 vampires
  A culicivora (Lair:2)
  12 water elementals
  A wyvern (D:7)
  6 wraiths
  15 humans (D:14)
  A steam dragon (D:8)
  The ghost of innerfire43 the Trooper, an amateur DsMo (D:4)
  3 basilisks
  22 yaks
  A redback (Lair:2)
  3 vampire mosquitoes (D:13)
  An acid dragon (D:14)
  10 water moccasins
  An ice beast (D:5)
  4 sky beasts
  Duvessa (D:7)
  3 black bears
  5 orc warriors
  An ogre (shapeshifter) (D:13)
  11 centaurs
  9 wolves (Lair:2)
  An ogre (D:4)
  6 kobold brigands
  5 bullfrogs
  2 scorpions
  2 necrophages (D:4)
  6 wights
  Dowan (D:7)
  5 killer bees (D:10)
  An electric eel (Lair:2)
  A human zombie (D:4)
  2 jellies
  4 hounds
  5 orc priests
  2 iguanas
  Crazy Yiuf (D:7)
  Ijyb (D:3)
  Terence (D:2)
  9 orc wizards
  7 hell rats (Lair:2)
  3 hound zombies (D:4)
  2 mummies (D:4)
  10 adders
  5 river rats
  A white imp (D:7)
  An adder zombie (D:4)
  7 worms
  3 dart slugs
  32 orcs
  2 endoplasms
  3 giant cockroaches
  6 goblins
  4 hobgoblins
  2 jackals (D:4)
  31 kobolds
  6 quokkas
  9 ball pythons
  5 bats
  5 frilled lizards
  9 rats
449 creatures vanquished.

Vanquished Creatures (collateral kills)
  A komodo dragon (Lair:2)
  A tengu conjurer (D:15)
  A yak (Lair:2)
3 creatures vanquished.

Vanquished Creatures (others)
  A deep elf pyromancer (D:15)
  2 humans
3 creatures vanquished.

Grand Total: 455 creatures vanquished

Notes
Turn   | Place    | Note
-------+----------+-------------------------------------------
     0 | D:1      | innerfire43 the Demonspawn Monk began the quest for the
                  | Orb.
     0 | D:1      | Reached XP level 1. HP: 18/18 MP: 1/1
   114 | D:1      | Gained mutation: Spells you cast may paralyse adjacent
                  | enemies. [demonic ancestry]
   114 | D:1      | Reached XP level 2. HP: 18/24 MP: 2/2
   530 | D:1      | Reached XP level 3. HP: 28/29 MP: 3/3
   772 | D:2      | Noticed Terence
   784 | D:2      | HP: 1/29 [Terence/+0 heavy falchion (12)]
   797 | D:2      | Killed Terence
   798 | D:2      | Reached skill level 1 in Armour
   798 | D:2      | Reached skill level 1 in Shields
  1224 | D:2      | Gained mutation: You regenerate magic rapidly. [demonic
                  | ancestry]
  1224 | D:2      | Reached XP level 4. HP: 35/35 MP: 4/4
  1529 | D:3      | Identified the +8 whip of Havoc {heavy, Dex+3 SInv}
  1532 | D:3      | Found a faded altar of an unknown god.
  1669 | D:3      | Found an iron altar of Okawaru.
  1744 | D:3      | Found a shimmering altar of Xom.
  1746 | D:3      | Found a basalt altar of Yredelemnul.
  1746 | D:3      | Found a burning altar of Makhleb.
  1748 | D:3      | Found a broken altar of Ashenzari.
  1748 | D:3      | Found a burning altar of Makhleb.
  1748 | D:3      | Found a shimmering altar of Xom.
  1857 | D:3      | Noticed Ijyb
  1870 | D:3      | Killed Ijyb
  1873 | D:3      | Gained mutation: When hurt, damage is shared between your
                  | health and your magic reserves. [demonic ancestry]
  1873 | D:3      | Reached XP level 5. HP: 27/42 MP: 5/5
  2156 | D:4      | Found a sacrificial altar of Ru.
  2347 | D:4      | Found a runed translucent door.
  2350 | D:4      | Noticed innerfire43's ghost (amateur DsMo)
  2435 | D:4      | Reached skill level 2 in Shields
  2501 | D:4      | Reached XP level 6. HP: 14/48 MP: 2/6
  2634 | D:4      | Reached skill level 3 in Shields
  2688 | D:4      | Found a basalt altar of Yredelemnul.
  2702 | D:4      | Reached XP level 7. HP: 52/55 MP: 5/7
  2780 | D:4      | Reached skill level 5 in Maces & Flails
  2975 | D:4      | Found a runed translucent door.
  3177 | D:4      | Reached skill level 4 in Shields
  3186 | D:4      | Killed innerfire43's ghost
  3227 | D:5      | Entered Level 5 of the Dungeon
  3236 | D:5      | Reached skill level 5 in Fighting
  3289 | D:5      | Reached XP level 8. HP: 57/62 MP: 8/8
  3369 | D:5      | Reached skill level 5 in Shields
  3422 | D:5      | Found a runed translucent gate.
  3422 | D:5      | Found a runed translucent gate.
  3422 | D:5      | Found a runed translucent gate.
  3432 | D:5      | Paralysed by an orc wizard for 2 turns
  3609 | D:5      | Found an ancient bone altar of Kikubaaqudgha.
  3726 | D:5      | Found a shadowy altar of Dithmenos.
  3749 | D:5      | Noticed greasedhog's ghost (novice GrFE)
  3772 | D:5      | Found a shimmering blue altar of Sif Muna.
  3897 | D:5      | Killed greasedhog's ghost
  4164 | D:6      | Reached skill level 6 in Shields
  5339 | D:7      | Gained mutation: When low on magic, you restore magic in
                  | place of health. [demonic ancestry]
  5339 | D:7      | Reached XP level 9. HP: 66/68 MP: 9/9
  5346 | D:7      | Found a runed translucent gate.
  5393 | D:7      | Found a runed translucent gate.
  5393 | D:7      | Found a runed translucent gate.
  5397 | D:7      | Noticed Brisketman's ghost (novice FeTm)
  5397 | D:7      | Noticed zazu2006's ghost (novice GnWn)
  5519 | D:7      | Noticed Dowan
  5519 | D:7      | Noticed Duvessa
  5535 | D:7      | Killed Dowan
  5538 | D:7      | HP: 1/102 [Duvessa/+2 rapier of freezing (5)]
  5541 | D:7      | Killed Duvessa
  5771 | D:7      | Reached skill level 7 in Shields
  5790 | D:7      | Found a sparkling altar of Nemelex Xobeh.
  5813 | D:7      | Found a hide-covered altar of Uskayaw.
  5897 | D:7      | Became a worshipper of Nemelex Xobeh the Trickster
  5897 | D:7      | Reached * piety under Nemelex Xobeh
  5897 | D:7      | Received a gift from Nemelex Xobeh
  5897 | D:7      | Reached ** piety under Nemelex Xobeh
  5967 | D:7      | Noticed a two-headed ogre
  5981 | D:7      | Killed a two-headed ogre
  6432 | D:7      | Noticed Joseph
  6443 | D:7      | Killed Joseph
  6475 | D:7      | Reached skill level 8 in Shields
  6588 | D:7      | Found an ornate altar of the Wu Jian Council.
  6798 | D:7      | Found a staircase to the Ecumenical Temple.
  6929 | D:7      | Found a runed translucent door.
  6930 | D:7      | Noticed Crazy Yiuf
  7036 | D:7      | Killed Brisketman's ghost
  7037 | D:7      | Gained mutation: You are surrounded by a mild repulsion
                  | field. (EV +2) [demonic ancestry]
  7037 | D:7      | Reached XP level 10. HP: 37/74 MP: 4/10
  7053 | D:7      | Killed zazu2006's ghost
  7295 | D:7      | Killed Crazy Yiuf
  7579 | D:8      | Received a gift from Nemelex Xobeh
  7799 | D:8      | Reached *** piety under Nemelex Xobeh
  7925 | D:8      | Received a gift from Nemelex Xobeh
  8071 | D:9      | Found a radiant altar of Vehumet.
  8079 | D:9      | Found a snail-covered altar of Cheibriados.
  8090 | D:9      | Reached skill level 9 in Shields
  8131 | D:9      | Reached skill level 5 in Armour
  8354 | D:9      | Noticed a two-headed ogre
  8363 | D:9      | Killed a two-headed ogre
  8364 | D:9      | Reached skill level 10 in Maces & Flails
  8438 | D:9      | Found a staircase to the Lair.
  8600 | D:9      | Gained mutation: You are surrounded by a moderate repulsion
                  | field. (EV +3) [demonic ancestry]
  8600 | D:9      | Reached XP level 11. HP: 31/83 MP: 8/11
  8776 | D:9      | Reached **** piety under Nemelex Xobeh
  8822 | D:9      | Found a stormy altar of Qazlal.
  9365 | Lair:1   | Entered Level 1 of the Lair of Beasts
  9435 | Lair:1   | Received a gift from Nemelex Xobeh
  9889 | Lair:1   | Received a gift from Nemelex Xobeh
  9925 | Lair:1   | Reached skill level 10 in Shields
 10925 | Lair:2   | Received a gift from Nemelex Xobeh
 11254 | Lair:2   | Found a hole to the Spider Nest.
 11263 | Lair:2   | Gained mutation: Spells you cast may paralyse nearby
                  | enemies. [demonic ancestry]
 11263 | Lair:2   | Reached XP level 12. HP: 83/90 MP: 10/12
 11400 | Lair:2   | Noticed a catoblepas
 11452 | Lair:2   | HP: 4/91 [catoblepas (5)]
 11737 | Lair:3   | Reached skill level 11 in Shields
 11958 | Lair:2   | Killed a catoblepas
 12817 | D:10     | Entered Level 10 of the Dungeon
 12897 | D:10     | Found a portal to a secret trove of treasure.
 12937 | Trove    | Entered a treasure trove
 12939 | Trove    | Found the +0 pair of fencer's gloves {Riposte Dex+3}
 12955 | Trove    | Identified the +5 tower shield of Wuiroasm {Int-4 Dex+4}
 12970 | Trove    | Identified the +10 crystal plate armour of Claustrophobia
                  | {rElec rF+}
 12987 | Trove    | Identified the +0 kite shield of Music {Rampage rF++ rC+
                  | rCorr}
 13001 | Trove    | Identified the +0 pair of gloves "Sonel" {Drain Dex+4
                  | Stlth+}
 13009 | Trove    | Identified the +0 pair of boots of the Bouncing Tales
                  | {rPois Will+ Regen+ rCorr}
 13165 | D:10     | Noticed a two-headed ogre
 13174 | D:10     | Killed a two-headed ogre
 13375 | D:10     | Found a staircase to the Orcish Mines.
 14194 | D:12     | Noticed Maurice
 14203 | D:12     | Killed Maurice
 14342 | D:12     | Reached skill level 12 in Shields
 14413 | D:12     | Noticed a boulder beetle
 14434 | D:12     | Killed a boulder beetle
 14550 | D:12     | You fall into a shaft and drop 1 floor!
 14605 | D:13     | Noticed a centaur warrior
 14608 | D:13     | Killed a centaur warrior
 14609 | D:13     | Noticed a two-headed ogre
 14620 | D:13     | Killed a two-headed ogre
 14669 | D:13     | Reached XP level 13. HP: 70/100 MP: 8/13
 14811 | D:13     | Received a gift from Nemelex Xobeh
 14947 | D:13     | Found a flickering gateway to a bazaar.
 15593 | Bazaar   | Entered a bazaar
 15617 | Bazaar   | Found Nicugast's Antique Armour Emporium.
 15628 | Bazaar   | Found Bejibruf's Book Emporium.
 15680 | Bazaar   | Found Juotoeni's Distillery.
 15709 | Bazaar   | Found Buv Hits's Antique Weapon Emporium.
 15768 | Bazaar   | Found Cein's Antique Armour Shoppe.
 15773 | Bazaar   | Bought a runed helmet for 195 gold pieces
 15773 | Bazaar   | Bought a glowing helmet for 195 gold pieces
 15833 | D:14     | Found a gate to the Vaults.
 15859 | D:14     | Reached skill level 13 in Shields
 15971 | D:14     | Received a gift from Nemelex Xobeh
 16314 | D:14     | Identified the +2 scale mail "Forget-Me-Not" {Str+3}
 16345 | D:14     | Received a gift from Nemelex Xobeh
 16553 | D:14     | Reached skill level 10 in Armour
 16657 | D:15     | Entered Level 15 of the Dungeon
 16657 | D:15     | Found a gate leading to a gauntlet.
 16684 | D:15     | Reached skill level 10 in Fighting
 16869 | D:15     | Received a gift from Nemelex Xobeh
 17121 | D:15     | Reached XP level 14. HP: 107/110 MP: 14/14
 17139 | D:15     | Reached skill level 14 in Shields
 17277 | D:15     | Found a staircase to the Depths.
 17304 | Depths:1 | Entered Level 1 of the Depths
 17304 | Depths:1 | Received a gift from Nemelex Xobeh
 17882 | Depths:1 | Noticed a sphinx
 17888 | Depths:1 | Noticed a vampire knight
 17889 | Depths:1 | Noticed a fire giant
 17889 | Depths:1 | Noticed a tentacled monstrosity
 18015 | D:15     | Paralysed by a sphinx for 5 turns
 18027 | D:15     | Killed a sphinx
 18049 | Depths:1 | Noticed a stone giant
 18063 | Depths:1 | Killed a stone giant
 18228 | Depths:1 | Noticed a stone giant
 18241 | Depths:1 | Killed a stone giant
 18243 | Depths:1 | Noticed a frost giant
 18258 | Depths:1 | Killed a frost giant
 18386 | Depths:1 | Noticed a stone giant
 18397 | Depths:1 | Reached skill level 15 in Shields
 18406 | Depths:1 | Killed a stone giant
 18465 | Depths:1 | Noticed a balrug
 18500 | D:15     | Slain by a balrug

Illustrated notes

Levels and vault maps discovered:
D:1:      shiori_arrival_maze, layout_rooms, minmay_misc_feat_diagonals,
          minmay_crystal_room
D:2:      layout_rooms, fountainhead, solitary_fountain, uniq_terence
D:3:      layout_loops_ring, doesnt_xom_only_xom, okawaru_metal_pillars_1_2,
          basic_ecumenical_altar, uniq_ijyb
D:4:      layout_loops_ring, mainiacjoe_overflow_small_starburst,
          lemuel_mausoleum_altar_yredelemnul, ebering_ghost_sewer_f
D:5:      layout_cave_pools, tgw_kikubaaqudgha, mainiacjoe_overflow_alcove_4,
          amethyst_overflow_temple_binary, ebering_ghost_rock_garden,
          grunt_decor_junction
D:6:      layout_basic, lightli_sewer_entry_pipes
D:7:      layout_layer_cave, general_overflow_altar,
          mainiacjoe_overflow_surrounded_room, mainiacjoe_overflow_alcove_2,
          minmay_temple_entry_fiery, gammafunk_ghost_cemetery, uniq_joseph,
          uniq_duvessa, uniq_crazy_yiuf_cottage
D:8:      layout_gridville, st_stairs_14, minmay_misc_feat_rugged
D:9:      nicolae_hitomezashi [nicolae_hito_row, nicolae_hito_row,
          nicolae_hito_row, nicolae_hito_row, nicolae_hito_row,
          nicolae_hito_row, nicolae_hito_row, nicolae_hito_row,
          nicolae_hito_row, nicolae_hito_row, nicolae_hito_row,
          nicolae_hito_row, nicolae_hito_row, nicolae_hito_row,
          nicolae_hito_row, nicolae_hito_row, nicolae_hito_row,
          nicolae_hito_row], layout_layer_cave, mainiacjoe_overflow_24_doors,
          tso_oasis_becter, cheibriados_altar_1, nicolae_vehumet_radiance,
          item_on_display_a
D:10:     layout_rooms, zin_treasury, david_orc_4, nicolae_trove_entry_crossroad
D:11:     layout_basic
D:12:     layout_irregular_city, uniq_maurice
D:13:     layout_big_octagon, serial_shops, bzr_entry_lakeside,
          corexii_checkpoint_a
D:14:     layout_long_grid, david_vaults_3, good_gods_temple_1
D:15:     grunt_enter_depths_magical_seal, layout_long_grid,
          small_statue_alley_a, gauntlet_entry_generic
Lair:1:   layout_chaotic_city, cheibrodos_lair_reptile_den
Lair:2:   layout_small_grid, spider_nest_entry_funnel_web,
          gammafunk_lair_bear_cave, grunt_megastairs_2
Lair:3:   layout_regular_city, minmay_swamp_entry_swarm, lemuel_fruit_tree,
          grunt_megastairs_1, infiniplex_staircase_pool
Depths:1: layout_basic, grunt_hell_entry_demonic_statue, serial_shops,
          nicolae_shop_bloodbath_and_beyond, kennysheep_generic_room_3

Skill      XL: |  1  2  3  4  5  6  7  8  9 10 11 12 13 14 |
---------------+-------------------------------------------+-----
Maces & Flails | 3 4 5 7 8 10 11 12 | 12.1
Dodging        | 3 |  3.0
Armour         | 1 2 4 5 6 8 10 12 | 12.1
Shields        | 1 2 3 4 6 8 9 10 12 13 15 | 15.0
Fighting       | 4 5 6 7 8 10 11 | 11.2

Action                     |  1- 3 |  4- 6 |  7- 9 | 10-12 | 13-15 || total
---------------------------+-------+-------+-------+-------+-------++-------
  Melee: Mace              |   114 |    20 |       |       |       ||   134
         Whip              |       |    87 |   263 |   704 |   505 ||  1559
 Invoke: Draw Summoning    |       |       |       |     1 |     4 ||     5
         Draw Destruction  |       |       |       |       |     3 ||     3
  Evoke: Wand              |       |       |     4 |    10 |       ||    14
    Use: Potion            |     1 |       |     6 |     5 |     4 ||    16
         Scroll            |       |       |    14 |     7 |     1 ||    22
   Stab: Sleeping          |       |       |       |     1 |       ||     1
         Petrified         |       |       |       |       |     2 ||     2
         Distracted        |       |       |       |       |     1 ||     1
 Armour: Robe              |    20 |       |       |       |       ||    20
         Scale mail        |    12 |    43 |    89 |       |       ||   144
         Leather armour    |       |       |    13 |   257 |       ||   270
         Crystal plate arm |       |       |       |    64 |   465 ||   529
         Pearl dragon scal |       |       |       |     4 |       ||     4
  Dodge: Dodged            |    88 |    20 |    53 |   253 |   116 ||   530
  Block: Tower shield      |    16 |    98 |   376 |  1082 |   978 ||  2550
         Reflection        |       |       |     7 |    35 |    36 ||    78
Riposte: Whip              |       |       |       |   108 |   338 ||   446

Table legend: (Time is in decaauts)
 A = Elapsed time spent in this place.
 B = Non-inter-level travel time spent in this place.
 C = Inter-level travel time spent in this place.
 D = Time resting spent in this place.
 E = Time spent auto-exploring this place.
 F = Levels seen in this place.
 G = Mean time per level.
                   A        B        C        D        E       F      G
               +--------+--------+--------+--------+--------+-----+--------+
         Total |  18801 |  17458 |   1343 |      0 |  13644 |  21 |  895.3 |
       Dungeon |  14585 |  13597 |    988 |      0 |  10889 |  15 |  972.3 |
          Lair |   3379 |   3024 |    355 |      0 |   2411 |   3 | 1126.3 |
        Depths |    487 |    487 |      0 |      0 |    163 |   1 |  487.0 |
        Bazaar |    228 |    228 |      0 |      0 |    177 |   1 |  228.0 |
         Trove |    120 |    120 |      0 |      0 |      3 |   1 |  120.0 |
               +--------+--------+--------+--------+--------+-----+--------+

Top non-repeatable levels by time:
     D:7: 2127 daAuts
  Lair:2: 1694 daAuts
     D:9: 1438 daAuts
    D:15: 1353 daAuts
     D:6: 1260 daAuts
  Lair:1: 1203 daAuts
     D:4: 1151 daAuts
     D:5: 850 daAuts
    D:14: 819 daAuts
     D:3: 816 daAuts
    D:12: 799 daAuts
     D:1: 766 daAuts
     D:8: 711 daAuts
    D:13: 697 daAuts
     D:2: 637 daAuts
